 Dungeon Crawl Stone Soup version 0.31-a0-664-g902f515a81 (webtiles) character file.

Game seed: 17945010200303815510

2227 Gargoyl the Cleaver (level 9, 0/55 HPs)
             Began as a Gargoyle Berserker on Aug 31, 2023.
             Was a Priest of Trog.
             Killed from afar by a gargoyle (5 damage)
             ... with a stone arrow
             ... on level 7 of the Dungeon on Sept 2, 2023.
             The game lasted 00:08:35 (6002 turns).

Gargoyl the Cleaver (Gargoyle Berserker)            Turns: 6002, Time: 00:08:36

Health: 0/55       AC: 24    Str: 21    XL:     9   Next: 36%
Magic:  9/9        EV:  7    Int:  8    God:    Trog [***...]
Gold:   328        SH:  5    Dex: 19    Spells: 8/8 levels left

rFire   + . .        u - +2 hand axe (flame)
rCold   . . .        l - +0 buckler
rNeg    + . .        s - +0 plate armour {rF+}
rPois   ∞            (no helmet)
rElec   +            g - +0 cloak
rCorr   .            (no gloves)
SInv    +            q - +2 pair of boots
Will    .....        (no amulet)
Stlth   x              - ring of see invisible
HPRegen 0.29/turn    d - +6 ring of dexterity
MPRegen 0.11/turn

%: no passive effects
@: on berserk cooldown
A: sickness immunity, AC +6, negative energy resistance 1, electricity
resistance, torment resistance 1, petrification resistance
a: Renounce Religion, Berserk, Trog's Hand


You were on level 7 of the Dungeon.
You worshipped Trog.
Trog was most pleased with you.
You visited 1 branch of the dungeon, and saw 7 of its levels.

You collected 328 gold pieces.

Inventory:

Hand Weapons
 m - a +3 spear
 r - a +1 hand axe of flaming
 u - a +2 hand axe of flaming (weapon)
Missiles
 h - 7 poisoned darts (quivered)
Armour
 g - a +0 cloak (worn)
 l - a +0 buckler (worn)
 q - a +2 pair of boots (worn)
 s - a +0 plate armour of fire resistance (worn)
Jewellery
 c - a ring of positive energy
 d - a +6 ring of dexterity (right hand)
 x - a ring of see invisible (left hand)
Wands
 w - a wand of polymorph (8)
 z - a wand of flame (11)
Scrolls
 p - a scroll of noise
 y - a scroll of immolation
Potions
 a - a potion of ambrosia
 b - 2 potions of curing
 f - 4 potions of enlightenment {unknown}
 i - a potion of lignification {unknown}
 k - 2 potions of mutation {unknown}
 n - 3 potions of might {unknown}
 o - a potion of invisibility {unknown}
 t - a potion of brilliance {unknown}
 A - a potion of cancellation {unknown}


   Skills:
 + Level 5.8 Fighting
 + Level 8.3 Axes
 + Level 7.0 Armour
 + Level 2.3 Dodging
 + Level 1.6 Stealth
 + Level 3.1 Shields


You had 8 spell levels left.
You didn't know any spells.
Your spell library was empty.

Dungeon Overview and Level Annotations

Branches:
Dungeon (7/15)             Temple (0/1) D:4

Altars:
Cheibriados
Dithmenos
Fedhas
Hepliaklqana
Kikubaaqudgha
Okawaru
Ru
Sif Muna
Trog
Yredelemnul

Shops:
D:6 =


Innate Abilities, Weirdness & Mutations

You are immune to sickness and miasma.
Your stone body is resilient. (AC +6)
You are immune to poison.
You resist negative energy. (rN+)
You are resistant to electric shocks. (rElec)
You are resistant to unholy torment.
You are immune to petrification.


Message History

The boulder beetle completely misses you.
Unknown command.
You fail to use your ability.
The boulder beetle bites you but does no damage.
The boulder beetle bites you!
Unknown command.
You fail to use your ability.
A bullfrog comes into view.
The boulder beetle bites you but does no damage.
You block the gargoyle's attack.
Unknown command.
You fail to use your ability.
The bullfrog gives a loud, deep croak!
The boulder beetle looks more healthy.
The boulder beetle leaps!
The gargoyle hurls a stone arrow at you.
The stone arrow hits you but does no damage.
The two-headed ogre hits you with a +0 giant spiked club!
The two-headed ogre hits you but does no damage.
The boulder beetle leaps!
You fail to use your ability.
You block the gargoyle's attack.
The two-headed ogre hits you with a +0 giant spiked club.
You block the two-headed ogre's attack.
The boulder beetle curls into a ball and begins rolling!
The gargoyle hurls a stone arrow at you.
The stone arrow hits you!
* * * LOW HITPOINT WARNING * * *
You fail to use your ability.
The bullfrog hits you but does no damage.
The gargoyle barely misses you. The two-headed ogre closely misses you.
The two-headed ogre hits you with a +0 giant club!
* * * LOW HITPOINT WARNING * * *
The bullfrog barely misses you.
Unknown command.
Your polar bear goes berserk!
You can no longer call in reinforcements.
You feel yourself speed up. You block the bullfrog's attack.
The gargoyle hurls a stone arrow at you.
The stone arrow hits you.
You die...

######## ..#
........ ...#
.####### #..#
##..## #..# ..##.#
.#. #..# ##..##
.#.... #.(#
.†##)###.....###..#
##.)#..)......gO..#
..##.###..######@.#
##..## .... #9F#
..## .g.. #h.# #
.#. #B.# # #°.#
#.°# #.°# #..#


You could see a boulder beetle (rolling), a two-headed ogre, a gargoyle (ally
target), a bullfrog, a gnoll and a friendly polar bear (summoned, berserk).

Vanquished Creatures
  A wraith (D:6)
  A yak (D:7)
  An ice beast (D:5)
  2 sky beasts (D:7)
  An orc warrior (D:3)
  2 ogres
  3 centaurs
  A gnoll sergeant (D:7)
  2 scorpions
  5 killer bees (D:5)
  4 jellies
  A gnoll bouda (D:5)
  An orc priest (D:4)
  4 hounds
  Jessica (D:2)
  2 iguanas
  2 orc wizards
  A sleepcap (D:6)
  10 gnolls
  7 adders
  An ufetubus (D:5)
  A worm (D:2)
  4 dart slugs
  25 orcs
  9 ball pythons
  6 endoplasms
  3 giant cockroaches
  9 goblins
  6 hobgoblins
  4 quokkas
  4 bats
  2 frilled lizards
  8 kobolds
  23 rats
157 creatures vanquished.

Notes
Turn   | Place    | Note
-------+----------+-------------------------------------------
     0 | D:1      | Gargoyl the Gargoyle Berserker began the quest for the Orb.
     0 | D:1      | Reached XP level 1. HP: 14/14 MP: 1/1
   163 | D:1      | Reached XP level 2. HP: 19/19 MP: 2/2
   267 | D:1      | Reached skill level 3 in Axes
   631 | D:1      | Reached XP level 3. HP: 21/24 MP: 3/3
   662 | D:1      | Reached ** piety under Trog
   951 | D:2      | Noticed Jessica
   969 | D:2      | Killed Jessica
   970 | D:2      | Reached XP level 4. HP: 23/29 MP: 4/4
  1154 | D:2      | Found a hazy altar of Hepliaklqana.
  1203 | D:2      | Upgraded the game from 0.31-a0-659-gc5a091b79a to
                  | 0.31-a0-664-g902f515a81
  1287 | D:2      | Noticed a scorpion
  1298 | D:2      | Killed a scorpion
  1299 | D:2      | Reached skill level 4 in Axes
  1299 | D:2      | Reached XP level 5. HP: 28/33 MP: 5/5
  1952 | D:3      | Reached *** piety under Trog
  2025 | D:3      | Found a blossoming altar of Fedhas.
  2673 | D:4      | Found a shadowy altar of Dithmenos.
  2732 | D:4      | Reached XP level 6. HP: 38/38 MP: 6/6
  2768 | D:4      | Found a staircase to the Ecumenical Temple.
  2860 | D:4      | Found a shimmering blue altar of Sif Muna.
  2905 | D:4      | Noticed an orc warrior
  2926 | D:3      | Killed an orc warrior
  2927 | D:3      | Reached skill level 1 in Stealth
  2927 | D:3      | Reached skill level 1 in Shields
  3025 | D:4      | Reached skill level 5 in Axes
  3026 | D:4      | Found a bloodstained altar of Trog.
  3152 | D:4      | Reached XP level 7. HP: 39/44 MP: 7/7
  3250 | D:4      | Found a snail-covered altar of Cheibriados.
  3392 | D:4      | Found an iron altar of Okawaru.
  3484 | D:5      | Entered Level 5 of the Dungeon
  3997 | D:5      | Reached **** piety under Trog
  4005 | D:5      | Reached skill level 6 in Axes
  4005 | D:5      | Reached skill level 5 in Armour
  4005 | D:5      | Reached XP level 8. HP: 16/48 MP: 8/8
  4367 | D:5      | Found a sacrificial altar of Ru.
  4397 | D:5      | Found a basalt altar of Yredelemnul.
  5083 | D:6      | Reached skill level 5 in Fighting
  5151 | D:6      | Noticed a wraith
  5162 | D:6      | Killed a wraith
  5163 | D:6      | Reached skill level 7 in Axes
  5179 | D:6      | Found Teutin's Jewellery Shop.
  5306 | D:6      | Found an ancient bone altar of Kikubaaqudgha.
  5500 | D:6      | Reached XP level 9. HP: 54/54 MP: 9/9
  5907 | D:7      | Reached skill level 8 in Axes
  5959 | D:7      | Noticed a boulder beetle
  5965 | D:7      | Noticed a two-headed ogre
  5994 | D:7      | Noticed a gargoyle
  6002 | D:7      | Killed from afar by a gargoyle

Illustrated notes

Levels and vault maps discovered:
D:1:      nzn_arrival_depleted_hourglass, layout_basic,
          minmay_misc_feat_four_crosses, minmay_tetromino_t2
D:2:      wander_river, layout_loops_ring, basic_altar, uniq_jessica
D:3:      layout_basic, old_standard_altar, minmay_rat_hole
D:4:      kennysheep_big_flooded_room, layout_cave_pools,
          mainiacjoe_overflow_chevrons, kennysheep_mini_moat,
          mainiacjoe_overflow_alcove_2, grunt_dithmenos_smoke,
          nicolae_sif_muna_condensation, minmay_temple_entry_mini_moons
D:5:      layout_gridville, mainiacjoe_overflow_big_doors
D:6:      layout_loops_corners, mainiacjoe_overflow_alcove_4, serial_shops,
          nicolae_shop_advertising_works [nicolae_subvault_shop_adworks]
D:7:      layout_gridville, lemuel_round_altar, kb_xom_exploding_sheep,
          minmay_the_grid_2x2 [minmay_the_grid_spikes,
          minmay_the_grid_stretched_grid, minmay_the_grid_tree,
          minmay_the_grid_prize_big_room]

Skill      XL: |  1  2  3  4  5  6  7  8  9 |
---------------+----------------------------+-----
Axes           | 3 4 5 6 7 8 |  8.3
Dodging        | 2 |  2.3
Fighting       | 4 5 |  5.8
Armour         | 3 4 5 6 7 |  7.0
Stealth        | 1 |  1.6
Shields        | 1 2 3 |  3.1

Action                     |  1- 3 |  4- 6 |  7- 9 || total
---------------------------+-------+-------+-------++-------
  Melee: Hand axe          |    97 |   189 |   244 ||   530
         Punch             |     1 |       |       ||     1
  Throw: Dart              |       |       |     1 ||     1
 Invoke: Berserk           |       |     1 |     5 ||     6
         Brothers in Arms  |       |       |     1 ||     1
    Use: Scroll            |       |     7 |     8 ||    15
         Potion            |       |       |     2 ||     2
 Armour: Animal skin       |    17 |       |       ||    17
         Chain mail        |    57 |   105 |       ||   162
         Plate armour      |       |    70 |   301 ||   371
  Dodge: Dodged            |    45 |    67 |   104 ||   216
  Block: Buckler           |     3 |    41 |    64 ||   108

Table legend: (Time is in decaauts)
 A = Elapsed time spent in this place.
 B = Non-inter-level travel time spent in this place.
 C = Inter-level travel time spent in this place.
 D = Time resting spent in this place.
 E = Time spent auto-exploring this place.
 F = Levels seen in this place.
 G = Mean time per level.
                   A        B        C        D        E       F      G
               +--------+--------+--------+--------+--------+-----+--------+
         Total |   6105 |   5868 |    237 |     47 |   4369 |   7 |  872.1 |
       Dungeon |   6105 |   5868 |    237 |     47 |   4369 |   7 |  872.1 |
               +--------+--------+--------+--------+--------+-----+--------+

Top non-repeatable levels by time:
     D:5: 1292 daAuts
     D:3: 1109 daAuts
     D:6: 931 daAuts
     D:1: 875 daAuts
     D:4: 821 daAuts
     D:2: 745 daAuts
     D:7: 329 daAuts
